 Dungeon Crawl Stone Soup version 0.32-a0-433-g08bcfe7efd (webtiles) character file.

Game seed: 2343426752505391785

14 backslashecho the Caller (level 2, -3/23 HPs)
             Began as a Mountain Dwarf Summoner on Feb 23, 2024.
             Slain by a gnoll
             ... wielding a +0 whip
              (6 damage)
             ... on level 2 of the Dungeon.
             The game lasted 00:01:50 (626 turns).

backslashecho the Caller (Mountain Dwarf Summoner)   Turns: 626, Time: 00:01:51

Health: -3/23      AC:  2    Str:  7 (10) XL:     2   Next: 27%
Magic:  0/5        EV: 11    Int: 13 (15) God:
Gold:   24         SH:  0    Dex:  9 (10) Spells: 4/5 levels left

rFire   . . .        f - +0 short sword
rCold   . . .        (no shield)
rNeg    . . .        a - +0 robe
rPois   .            (no helmet)
rElec   .            (no cloak)
rCorr   .            (no gloves)
SInv    .            (no boots)
Will    .....        (no amulet)
Stlth   +            (no ring)
HPRegen 0.23/turn    (no ring)
MPRegen 0.09/turn

%: no passive effects
@: no status effects
A: runic magic, artefact enchanting
a: no special abilities


You were on level 2 of the Dungeon.
You visited 1 branch of the dungeon, and saw 2 of its levels.

You collected 24 gold pieces.

Inventory:

Hand Weapons
 d - a +0 dagger
 f - a +0 short sword (weapon)
Missiles
 c - 3 throwing nets
Armour
 a - a +0 robe (worn)
 i - a +0 pair of boots
Scrolls
 e - a scroll of fog
Potions
 b - a potion of magic
 j - a potion of curing


   Skills:
 + Level 1.2 Fighting
 * Level 0.1 Throwing
 - Level 1.3 Dodging
 - Level 1.4 Stealth
 - Level 1.0 Unarmed Combat
 - Level 2.0 Spellcasting
 - Level 4.0 Summonings


You had 4 spell levels left.
You knew the following spells:

 Your Spells              Type           Power      Damage    Failure   Level
a - Summon Small Mammal   Summ           44%        N/A       4%          1

Your spell library contained the following spells:

 Spells                   Type           Power      Damage    Failure   Level
 Call Imp                 Summ           22%        N/A       8%          2
 Call Canine Familiar     Summ           11%        N/A       14%         3
 Freeze                   Ice            4%         1d3       26%         1
 Frozen Ramparts          Ice            2%         1d1       58%         3
 Hailstorm                Conj/Ice       1%         3d5       58%         3
 Summon Blazeheart Golem  Fire/Summ      6%         N/A       73%         4
 Summon Lightning Spire   Summ/Air       6%         N/A       73%         4


Dungeon Overview and Level Annotations

Branches:
Dungeon (1/15)

Altars:


Innate Abilities, Weirdness & Mutations

Your spellcasting is much less encumbered by armour.
You can use scrolls of enchantment on lesser artefacts.


Message History

Your rat's corpse disappears in a puff of smoke!
The gnoll barely misses you.
Your bat hits the gnoll.
You now have 2/5 mp.
Casting: Summon Small Mammal (safe; 4% risk of failure)
Confirm with . or Enter, or press ? or * to list all spells.
Your bat hits the gnoll but does no damage.
Your bat barely misses the gnoll.
The gnoll closely misses your bat. The gnoll barely misses your rat.
The gnoll hits you with a +0 whip.
Your bat hits the gnoll but does no damage.
You take 1 damage, and have 20/23 hp.
You now have 1/5 mp.
You hit the gnoll.
The gnoll is lightly wounded.
Your bat barely misses the gnoll.
Your bat hits the gnoll but does no damage.
The gnoll completely misses your bat. The gnoll misses your rat.
Your rat bites the gnoll but does no damage.
Your bat hits the gnoll but does no damage.
The gnoll hits you with a +0 whip!
You take 7 damage, and have 13/23 hp.
MASSIVE DAMAGE!!
You hit the gnoll but do no damage.
The gnoll is lightly wounded.
Your bat hits the gnoll but does no damage. x2
The gnoll hits your bat with a +0 club.
Your bat dies!
Your bat's corpse disappears in a puff of smoke!
The gnoll hits your rat with a +0 whip.
Your rat dies!
Your rat's corpse disappears in a puff of smoke!
The gnoll closely misses you.
You hit the gnoll but do no damage.
The gnoll is lightly wounded.
The gnoll hits you with a +0 whip!
* * * LOW HITPOINT WARNING * * *
You take 9 damage, and have 4/23 hp.
MASSIVE DAMAGE!!
Casting: Summon Small Mammal (safe; 4% risk of failure)
Confirm with . or Enter, or press ? or * to list all spells.
The gnoll hits your bat with a +0 whip!
Your bat dies!
Your bat's corpse disappears in a puff of smoke!
The gnoll misses you.
You now have 0/5 mp.
You hit the gnoll.
The gnoll is lightly wounded.
The gnoll hits you with a +0 whip.
* * * LOW HITPOINT WARNING * * *
You take 2 damage, and have 3/23 hp.
You hit the gnoll.
The gnoll is moderately wounded.
The gnoll hits you with a +0 whip.
You die...

#. #####.########
#.###.....g.g....#
#.#.#.###.######.#
#.....###.# #.#
#....g....# #.#
....g.##### #.#
###.### #g# #.# #g#
#.# #@# #g# ###g#
#.g.# #..g# #.....#
###)### ..g....#
#.....#
.g......####...#.###
...g.>..+...........
....g...####...#.###
.....=.## #...#.#


You could see 4 gnolls.

Vanquished Creatures
  A dart slug (D:1)
  A giant cockroach (D:1)
  2 goblins (D:1)
  A kobold (D:1)
  2 ball pythons (D:1)
7 creatures vanquished.

Vanquished Creatures (collateral kills)
  An endoplasm (D:1)
  2 kobolds (D:1)
  A frilled lizard (D:1)
4 creatures vanquished.

Grand Total: 11 creatures vanquished

Notes
Turn   | Place    | Note
-------+----------+-------------------------------------------
     0 | D:1      | backslashecho the Mountain Dwarf Summoner began the quest
                  | for the Orb.
     0 | D:1      | Reached XP level 1. HP: 14/14 MP: 3/3
   169 | D:1      | Reached skill level 1 in Unarmed Combat
   359 | D:1      | Reached skill level 1 in Fighting
   359 | D:1      | Reached XP level 2. HP: 18/23 MP: 2/4
   548 | D:1      | You fall into a shaft and drop 1 floor!
   626 | D:2      | Slain by a gnoll

Illustrated notes

Levels and vault maps discovered:
D:1:      psy_arrival_spokes, layout_loops_corners, grunt_decor_junction,
          chequers_serial_rivers_large_b, chequers_serial_rivers_small_b,
          minmay_pentomino_w2
D:2:      layout_loops_corners, dreamdust_ecumenical_altar_drowned_temple,
          chequers_serial_rivers_micro_e, uniq_crazy_yiuf_cottage

Skill      XL: |  1  2 |
---------------+-------+-----
Unarmed Combat | 1 |  1.0
Fighting       | 1 |  1.2
Spellcasting   | 2 |  2.0
Throwing       | |  0.1
Dodging        | |  1.3
Stealth        | |  1.4
Summonings     | |  4.0

Action                     || total
---------------------------++-------
  Melee: Dagger            ||    24
         Unarmed           ||     4
         Short sword       ||    14
   Cast: Summon Small Mamm ||    16
    Use: Scroll            ||     2
         Potion            ||     1
   Stab: Sleeping          ||     2
 Armour: Robe              ||    31
  Dodge: Dodged            ||    28

Table legend: (Time is in decaauts)
 A = Elapsed time spent in this place.
 B = Non-inter-level travel time spent in this place.
 C = Inter-level travel time spent in this place.
 D = Time resting spent in this place.
 E = Time spent auto-exploring this place.
 F = Levels seen in this place.
 G = Mean time per level.
                   A        B        C        D        E       F      G
               +--------+--------+--------+--------+--------+-----+--------+
         Total |    624 |    624 |      0 |     22 |    396 |   2 |  312.0 |
       Dungeon |    624 |    624 |      0 |     22 |    396 |   2 |  312.0 |
               +--------+--------+--------+--------+--------+-----+--------+

Top non-repeatable levels by time:
     D:1: 547 daAuts
     D:2: 77 daAuts
